 Dungeon Crawl Stone Soup version 0.22.0-27-ga576289601 (webtiles) character file.

32 tonywhite87 the Insei (level 3, 0/23 HPs)
             Began as an Octopode Transmuter on Aug 22, 2018.
             Slain by a jackal (3 damage)
             ... on level 2 of the Dungeon.
             The game lasted 00:06:35 (1022 turns).

tonywhite87 the Insei (Octopode Transmuter)         Turns: 1022, Time: 00:06:35

Health: 0/23       AC:  1    Str:  9    XL:     3   Next: 25%
Magic:  5/6        EV: 13    Int: 16    God:
Gold:   54         SH:  0    Dex: 12    Spells: 5/6 levels left

rFire    . . .     SeeInvis .     - Unarmed
rCold    . . .     Gourm    .   (no shield)
rNeg     . . .     Faith    .   (helmet restricted)
rPois    .         Spirit   .   (no amulet)
rElec    .         Reflect  .   (no ring)
rCorr    .         Harm     .   (no ring)
MR       .....                  (no ring)
Stlth    ++........             (no ring)
HPRegen  0.07/turn              (no ring)
MPRegen  0.10/turn              (no ring)
                                (no ring)
                                (no ring)

@: lethally poisoned (0 -> -3), appendage (expiring)
A: almost no armour, stealthy swim, amphibious, 8 rings, constrict 8, tentacle
spike 3, camouflage 1, gelatinous body 1
a: End Transformation


You were on level 2 of the Dungeon.
You were hungry.
One of your tentacles had a temporary spike.
You visited 1 branch of the dungeon, and saw 2 of its levels.

You collected 54 gold pieces.

Inventory:

Hand Weapons
 b - a +3 dagger
 f - a +2 spear of venom
Missiles
 a - 28 arrows
Jewellery
 e - a cursed -2 ring of strength {unknown}
Scrolls
 d - a scroll of identify {unknown}
Comestibles
 c - 3 rations


   Skills:
 + Level 1.0 Fighting
 + Level 2.1 Dodging
 + Level 3.7 Unarmed Combat
 + Level 2.3 Spellcasting
 + Level 2.3 Transmutations


You had 5 spell levels left.
You knew the following spells:

 Your Spells              Type           Power        Failure   Level  Hunger
a - Beastly Appendage     Tmut           #.....       8%          1    #......

Your spell library contained the following spells:

 Spells                   Type           Power        Failure   Level  Hunger
 Sticks to Snakes         Tmut           #.......     12%         2    ###....
 Spider Form              Tmut/Pois      #.........   36%         3    ###....
 Ice Form                 Ice/Tmut       #.......     77%         4    #####..
 Blade Hands              Tmut           #.........   91%         5    ######.


Dungeon Overview and Level Annotations

Branches:
Dungeon (2/15)

Altars:


Innate Abilities, Weirdness & Mutations

You cannot wear most types of armour.
You are very stealthy in the water. (Stealth+)
You are amphibious.
You can wear up to eight rings at the same time.
You can use your tentacles to constrict eight enemies at once.
Your skin changes colour to match your surroundings (Stealth+).
Your rubbery body absorbs attacks. (AC +1, EV +1)
One of your tentacles bears a large vicious spike.


Message History

The jackal barely misses you. The hobgoblin hits you.
You barely miss the hobgoblin. You grab the hobgoblin.
The hobgoblin is moderately wounded.
You constrict the hobgoblin.
You feel sick.
A jackal comes into view.
The jackal closely misses you. The hobgoblin completely misses you.
The jackal bites you.
The jackal moves out of view.
The jackal barks!
You tentacle-slap the hobgoblin.
You pierce the hobgoblin.
You kill the hobgoblin!
The bat closely misses you. The jackal bites you.
* * * LOW HITPOINT WARNING * * *
You tentacle-slap the bat but do no damage.
Your grab misses the bat.
Your tentacle spike misses the bat.
You squeeze the bat, but do no damage. The bat misses you.
The jackal bites you.
* * * LOW HITPOINT WARNING * * *
* * * LOW HITPOINT WARNING * * *
You feel sick. The bat closely misses you. The jackal bites you.
You die...

####... ....# #......
##....### #.##...
.........# # ##.#
...?....# #.# ## #.......
#.# .. #.....# #.#
#.###.....# # #.#
#hhh@.....# #.###. #
#####.b#..#####.#...
..#.#####.................
..............<...........
.#.#............>####....
#.###.##......## #.# ..
#...........######.. ...
....####..#.......... .##
..##.# #..#.########>


You could see 3 jackals and a bat.

Vanquished Creatures
  An adder (D:2)
  2 bats (D:1)
  6 goblins
  A hobgoblin (D:2)
  4 jackals (D:1)
  3 kobolds (D:1)
  A frilled lizard (D:1)
  3 rats
  A plant (D:1)
22 creatures vanquished.

Notes
Turn   | Place    | Note
-------+----------+-------------------------------------------
     0 | D:1      | tonywhite87 the Octopode Transmuter began the quest for the Orb.
     0 | D:1      | Reached XP level 1. HP: 13/13 MP: 3/3
   271 | D:1      | Reached XP level 2. HP: 18/18 MP: 3/5
  1015 | D:2      | Reached XP level 3. HP: 16/23 MP: 4/6
  1022 | D:2      | Slain by a jackal

Action                   || total
-------------------------++-------
Melee: Unarmed           ||    74
       Constrict         ||    16
       Kick              ||     7
       Tentacles         ||    15
 Cast: Beastly Appendage ||    13
  Use: Scroll            ||     3
       Potion            ||     1
 Stab: Sleeping          ||     1
Armor: Skin              ||     3
Dodge: Dodged            ||    31
